 Dungeon Crawl Stone Soup version 0.30-a0-989-g0d87f670db (webtiles) character file.

Game seed: 91348490533653847

16981 mopl the Covert (level 12, -3/52 (53) HPs)
             Began as a Vine Stalker Enchanter on Apr 3, 2023.
             Was an Elder of Nemelex Xobeh.
             Slain by an orc warrior
             ... wielding a +0 hand axe of electrocution
              (11 damage)
             ... on level 1 of the Orcish Mines.
             The game lasted 00:20:21 (9863 turns).

mopl the Covert (Vine Stalker Enchanter)            Turns: 9863, Time: 00:20:22

HP:   -3/52 (53)    AC: 14    Str: 11    XL:     12   Next: 43%
MP:   0/34          EV: 12    Int: 25    God:    Nemelex Xobeh [****..]
Gold: 172           SH:  6    Dex: 21    Spells: 11/28 levels left

rFire   . . .      SeeInvis .    a - +3 dagger (drain)
rCold   + + .      Faith    .    w - +0 buckler
rNeg    . . .      Spirit   +    i - +2 steam dragon scales
rPois   .          Reflect  .    A - +2 helmet of Limited Liability {Stlth+}
rElec   .          Rampage  +    R - +1 cloak "Xaeklen" {Stlth+}
rCorr   +                        k - +0 pair of gloves "Yferheid" {rC++ rCorr Dex+2}
Will    +....                    o - +0 pair of boots of the Realm of Zot {Rampage Fly MP+9}
Stlth   +++++++                  (no amulet)
HPRegen 1.08/turn                T - ring "Fayl" {Dex+3 Slay+4}
MPRegen 0.24/turn                b - +6 ring of intelligence

@: flying, lightly drained, invisible
A: fangs 3, regeneration 1, magic shield, antimagic bite, no potion heal 2
a: Renounce Religion, Draw Escape, Draw Destruction, Draw Summoning, Triple
Draw, Deal Four


You were on level 1 of the Orcish Mines.
You worshipped Nemelex Xobeh.
Nemelex Xobeh was greatly pleased with you.
You visited 3 branches of the dungeon, and saw 14 of its levels.
You also visited: Ossuary.

You collected 1029 gold pieces.
You spent 857 gold pieces at shops.

Inventory:

Hand Weapons
 a - a +3 dagger of draining (weapon)
 I - a +4 dagger of chaos
 L - a +2 dagger of electrocution
 N - a +2 dagger of speed
 V - a +3 scimitar of flaming
Missiles
 u - 4 throwing nets
 v - 5 boomerangs of dispersal
 y - 19 poisoned darts
 D - 20 boomerangs
 S - 5 javelins
Armour
 i - +2 steam dragon scales (worn)
 k - the +0 pair of gloves "Yferheid" (worn) {rC++ rCorr Dex+2}
   (You found it on level 2 of the Dungeon)

   Dex:       It affects your dexterity (+2).
   rC:        It greatly protects you from cold.
   rCorr:     It protects you from acid and corrosion.
 o - the +0 pair of boots of the Realm of Zot (worn) {Rampage Fly MP+9}
   (You found it on level 4 of the Dungeon)

   MP:        It affects your magic capacity (+9).
   Fly:       It grants you flight.
   Rampage:   It bestows one free step when moving towards enemies.
 w - a +0 buckler (worn)
 A - the +2 helmet of Limited Liability (worn) {Stlth+}
   (You bought it in a shop on level 5 of the Dungeon)

   Stlth:     It makes you more stealthy.
 J - a +0 tower shield
 R - the +1 cloak "Xaeklen" (worn) {Stlth+}
   (You found it on level 10 of the Dungeon)

   Stlth:     It makes you more stealthy.
Jewellery
 b - a +6 ring of intelligence (right hand)
 j - a +5 ring of evasion
 z - a ring of protection from fire
 T - the ring "Fayl" (left hand) {Dex+3 Slay+4}
   (You acquired it on level 11 of the Dungeon)

   [ring of slaying]

   Dex:       It affects your dexterity (+3).
   Slay:      It affects your accuracy & damage with ranged weapons and melee
   (+4).
Wands
 H - a wand of charming (14)
 W - a wand of acid (7)
Scrolls
 d - 4 scrolls of enchant weapon
 e - 4 scrolls of blinking {unknown}
 l - 7 scrolls of teleportation
 n - 5 scrolls of amnesia {unknown}
 s - 2 scrolls of magic mapping {unknown}
 x - 4 scrolls of torment {unknown}
 B - 4 scrolls of enchant armour {unknown}
 C - 2 scrolls of fog {unknown}
 G - a scroll of poison {unknown}
 K - 2 scrolls of vulnerability {unknown}
 M - a scroll of immolation
 O - 2 scrolls of fear {unknown}
 X - a scroll of brand weapon {unknown}
Potions
 c - 2 potions of invisibility
 f - 5 potions of brilliance
 g - a potion of lignification {!q}
 h - 4 potions of mutation {!q}
 m - a potion of haste
 p - 2 potions of ambrosia
 q - 4 potions of curing
 r - 3 potions of cancellation
 t - 3 potions of heal wounds
 E - 2 potions of might
 P - a potion of resistance
 Q - a potion of flight


   Skills:
 + Level 1.2 Fighting
 + Level 7.7 Short Blades
 - Level 1.5 Dodging
 + Level 11.7 Stealth
 - Level 5.0 Shields
 + Level 8.7 Spellcasting
 + Level 9.1 Hexes
 + Level 2.9 Necromancy
 - Level 5.0 Translocations
 + Level 6.9 Invocations


You had 11 spell levels left.
You knew the following spells:

 Your Spells              Type           Power      Damage    Failure   Level
a - Dazzling Flash        Conj/Hex       66%        N/A       3%          3
b - Ensorcelled Hibernat  Hex/Ice        66%        N/A       1%          2
c - Confusing Touch       Hex            54%        N/A       1%          3
d - Tukima's Dance        Hex            54%        N/A       1%          3
e - Blink                 Tloc           70%        N/A       1%          2
g - Anguish               Hex/Necr       20%        N/A       6%          4

Your spell library contained the following spells:

 Spells                   Type           Power      Damage    Failure   Level
 Lesser Beckoning         Tloc           70%        N/A       1%          2
 Momentum Strike          Conj/Tloc      46%        3d9       3%          2
 Foxfire                  Conj/Fire      40%        2x1d4     7%          1
 Scorch                   Fire           20%        2d6       11%         2
 Enfeeble                 Hex            27%        N/A       82%         7
 Fireball                 Conj/Fire      5%         3d5       89%         5
 Iron Shot                Conj/Erth      5%         9d2       100%        6
 Starburst                Conj/Fire      5%         6d4       100%        6


Dungeon Overview and Level Annotations

Branches:
Dungeon (11/15)            Temple (1/1) D:5            Lair (0/5) D:9
    Orc (2/2) D:11            Elf (0/3) Orc:2       Ossuary (visited)

Altars:
Ashenzari
Cheibriados
Dithmenos
Elyvilon
Fedhas
Gozag
Hepliaklqana
Kikubaaqudgha
Makhleb
Nemelex Xobeh
Okawaru
Qazlal
Ru
Sif Muna
Trog
Uskayaw
Vehumet
Wu Jian
Xom
Yredelemnul
Zin
The Shining One

Shops:
D:5 [   D:10 =   D:11 =*(*[   Orc:1 !

Annotations:
D:8 3 runed translucent doors, jazmu's ghost, novice DsHu
D:11 dig


Innate Abilities, Weirdness & Mutations

You have razor-sharp teeth.
Your natural rate of healing is unusually fast.
When hurt, damage is shared between your health and your magic reserves.
Your bite disrupts and absorbs the magic of your enemies.
Potions cannot restore your health.


Message History

You spit the orc like a pig!!!
You kill the orc!
The orc shouts!
You hear a shout! x3
The orc misses you.
You completely miss the orc.
The orc shouts!
Your bite misses the orc.
The orc is moderately wounded.
You hit the orc. You drain the orc.
You kill the orc!
The orc warrior unwields a +0 trident.
The orc warrior wields a +0 arbalest.
The orc warrior shoots a bolt.
The bolt closely misses the orc warrior.
The bolt hits the orc!
The orc dies!
An orc comes into view. It is wielding a +1 flail of draining.
An orc high priest comes into view. It is wielding a +0 mace.
You hear a shout!
Unknown command.
You hit the orc warrior. You bite the orc warrior! You drain its power.
You feel invigorated.
The orc warrior is heavily wounded.
The ogre hits you with a +0 giant club!!
* * * LOW HITPOINT WARNING * * *
You barely miss the ogre. You hit the ogre.
The ogre is lightly wounded.
The orc warrior shouts!
The warg misses you.
You barely miss the orc warrior.
The orc warrior is heavily wounded.
The ogre misses you. The warg bites you.
* * * LOW HITPOINT WARNING * * *
The orc warrior hits you from afar with a +0 trident!
* * * LOW HITPOINT WARNING * * *
The orc warrior hits you with a +0 hand axe of electrocution.
* * * LOW HITPOINT WARNING * * *
You are electrocuted!!
You die...
Your body disappears without a glow.

..#.............#
.................
.................
.................
...∩.......#....
.g......))..#
....o....))#
..g.o..Og###
......#@##
.....oho..#
.......)...#
........#.#.#
........... ..
.......##... ..
....... ... #
....... ....


You could see a warg, 3 orc warriors, an ogre (unable to see you), 3 gnolls and
an orc (unable to see you).

Vanquished Creatures
  Harold (D:9)
  A hydra (D:10)
  A boulder beetle (D:11)
  2 two-headed ogres
  Nergalle (D:10)
  Pikel (D:7)
  An orc sorcerer (Orc:1)
  A cyclops (D:11)
  Joseph (D:7)
  Psyche (D:9)
  A troll (Orc:2)
  A hornet (D:7)
  Grinder (D:4)
  3 shadows
  A wraith (D:11)
  A wyvern (D:9)
  6 yaks
  3 vampire mosquitoes (D:10)
  2 steam dragons
  4 wargs
  An acid dragon (D:11)
  Duvessa (D:4)
  16 orc warriors
  A sky beast (D:7)
  A black bear (D:6)
  5 centaurs
  A phantom (D:4)
  A kobold brigand (D:10)
  3 elf zombies (Ossuary)
  5 bullfrogs
  A gnoll sergeant (D:8)
  A scorpion (D:6)
  7 wights
  Dowan (D:4)
  19 killer bees
  An electric eel (D:8)
  5 howler monkeys
  3 hounds
  5 jellies
  11 orc priests
  A human zombie (Ossuary)
  3 gnoll boudas
  2 sleepcaps (D:7)
  24 orc wizards
  A hound zombie (Ossuary)
  4 mummies (Ossuary)
  21 gnolls
  4 adders
  A shadow imp (D:5)
  A white imp (D:5)
  2 ufetubi
  3 adder zombies (Ossuary)
  A worm (D:3)
  3 dart slugs
  63 orcs
  6 ball pythons
  5 bats
  8 endoplasms
  5 giant cockroaches
  7 goblins
  7 hobgoblins
  5 quokkas
  4 frilled lizards
  A goblin zombie (Ossuary)
  A hobgoblin zombie (Ossuary)
  A jackal zombie (Ossuary)
  14 kobolds
  A kobold zombie (Ossuary)
  A rat (D:3)
323 creatures vanquished.

Vanquished Creatures (collateral kills)
  Erica (D:11)
  A two-headed ogre (D:10)
  Maggie (D:7)
  An ogre (D:6)
  5 wights (D:9)
  An orc priest (D:6)
  An orc (D:6)
11 creatures vanquished.

Vanquished Creatures (others)
  A dancing weapon (D:10)
  A vampire mosquito (D:10)
  An orc warrior (D:10)
  An orc wizard (Orc:2)
  An orc (Orc:1)
  2 plants (D:8)
7 creatures vanquished.

Grand Total: 341 creatures vanquished

Notes
Turn   | Place    | Note
-------+----------+-------------------------------------------
     0 | D:1      | mopl the Vine Stalker Enchanter began the quest for the
                  | Orb.
     0 | D:1      | Reached XP level 1. HP: 9/9 MP: 4/4
    47 | D:1      | Reached skill level 1 in Short Blades
    77 | D:1      | Reached XP level 2. HP: 13/13 MP: 4/6
    80 | D:1      | Learned a level 2 spell: Ensorcelled Hibernation
   252 | D:1      | Reached skill level 4 in Stealth
   728 | D:2      | Identified the +0 pair of gloves "Yferheid" {rC++ rCorr
                  | Dex+2}
   841 | D:2      | Reached XP level 3. HP: 16/16 MP: 7/7
   845 | D:2      | Learned a level 3 spell: Confusing Touch
  1117 | D:2      | Gained mutation: Your natural rate of healing is unusually
                  | fast. [Vine Stalker growth]
  1117 | D:2      | Reached XP level 4. HP: 17/21 MP: 7/9
  1127 | D:2      | Learned a level 3 spell: Tukima's Dance
  1450 | D:3      | Reached skill level 3 in Spellcasting
  1500 | D:3      | Reached skill level 2 in Short Blades
  1515 | D:3      | Reached XP level 5. HP: 23/24 MP: 3/10
  1596 | D:4      | Noticed a phantom
  1609 | D:4      | Killed a phantom
  1610 | D:4      | Reached skill level 5 in Stealth
  1610 | D:4      | Reached skill level 4 in Hexes
  1619 | D:4      | Got the Information on the Searing Volcano
  1628 | D:4      | Found an ornate altar of the Wu Jian Council.
  1659 | D:4      | Identified the +0 pair of boots of the Realm of Zot
                  | {Rampage Fly MP+9}
  1673 | D:4      | Noticed Dowan
  1674 | D:4      | Noticed Duvessa
  1675 | D:4      | Found a shadowy altar of Dithmenos.
  1686 | D:4      | Killed Duvessa
  1687 | D:4      | Reached XP level 6. HP: 25/28 MP: 6/12
  1715 | D:4      | Killed Dowan
  1716 | D:4      | Reached skill level 3 in Short Blades
  1716 | D:4      | Reached skill level 4 in Spellcasting
  1736 | D:4      | Found a sand-covered staircase.
  1743 | Ossuary  | Entered an ossuary
  1753 | Ossuary  | Reached skill level 6 in Stealth
  1753 | Ossuary  | Reached XP level 7. HP: 32/32 MP: 14/14
  1896 | Ossuary  | Reached skill level 5 in Hexes
  2507 | D:4      | Gained mutation: You have razor-sharp teeth. [Vine Stalker
                  | growth]
  2507 | D:4      | Reached XP level 8. HP: 31/36 MP: 16/16
  2632 | D:4      | Found a stormy altar of Qazlal.
  2681 | D:4      | Noticed Grinder
  2689 | D:4      | Killed Grinder
  2690 | D:4      | Reached skill level 4 in Short Blades
  2690 | D:4      | Reached skill level 7 in Stealth
  2690 | D:4      | Reached skill level 5 in Spellcasting
  2874 | D:5      | Entered Level 5 of the Dungeon
  2996 | D:5      | Learned a level 3 spell: Dazzling Flash
  3084 | D:5      | Found a staircase to the Ecumenical Temple.
  3090 | Temple   | Entered the Ecumenical Temple
  3151 | Temple   | Became a worshipper of Nemelex Xobeh the Trickster
  3293 | D:5      | Reached skill level 1 in Invocations
  3509 | D:5      | Reached skill level 6 in Hexes
  3670 | D:5      | Reached skill level 1 in Shields
  3682 | D:5      | Found Piokhud's Antique Armour Shop.
  3717 | D:5      | Reached skill level 8 in Stealth
  3717 | D:5      | Reached skill level 2 in Invocations
  3717 | D:5      | Reached XP level 9. HP: 23/39 MP: 15/18
  3726 | D:5      | Bought a slimy helmet for 237 gold pieces
  3726 | D:5      | Identified the +2 helmet of Limited Liability {Stlth+} (You
                  | bought it in a shop on level 5 of the Dungeon)
  3993 | D:6      | Reached * piety under Nemelex Xobeh
  4127 | D:6      | Reached skill level 5 in Short Blades
  4194 | D:6      | Received a gift from Nemelex Xobeh
  4240 | D:6      | Reached skill level 6 in Spellcasting
  4243 | D:6      | Learned a level 2 spell: Blink
  5012 | D:7      | Found a glowing silver altar of Zin.
  5014 | D:7      | Noticed Maggie
  5031 | D:7      | Killed Maggie
  5032 | D:7      | Reached skill level 2 in Shields
  5032 | D:7      | Reached skill level 1 in Translocations
  5070 | D:7      | Reached ** piety under Nemelex Xobeh
  5102 | D:7      | Noticed Joseph
  5108 | D:7      | Killed Joseph
  5109 | D:7      | Reached skill level 3 in Invocations
  5180 | D:7      | Noticed a hornet
  5183 | D:7      | Killed a hornet
  5184 | D:7      | Reached skill level 2 in Translocations
  5186 | D:7      | Noticed Pikel
  5197 | D:7      | Killed Pikel
  5198 | D:7      | Reached skill level 9 in Stealth
  5198 | D:7      | Reached skill level 3 in Shields
  5198 | D:7      | Reached skill level 7 in Hexes
  5198 | D:7      | Reached XP level 10. HP: 42/44 MP: 21/21
  5398 | D:7      | You are sucked into a shaft and drop 2 floors!
  5423 | D:9      | Noticed Psyche
  5424 | D:9      | Killed Psyche
  5425 | D:9      | Found a staircase to the Lair.
  5491 | D:9      | Reached skill level 4 in Invocations
  5567 | D:9      | Noticed Harold
  5581 | D:9      | Killed Harold
  5582 | D:9      | Reached skill level 6 in Short Blades
  5582 | D:9      | Reached skill level 7 in Spellcasting
  5582 | D:9      | Reached skill level 3 in Translocations
  5847 | D:8      | Found an opulent altar of Gozag.
  6077 | D:8      | Reached skill level 4 in Shields
  6085 | D:8      | Found a runed translucent gate.
  6085 | D:8      | Found a runed translucent gate.
  6087 | D:8      | Found a runed translucent gate.
  6087 | D:8      | Noticed an 11-headed hydra
  6088 | D:8      | Noticed jazmu's ghost (novice DsHu)
  6231 | D:8      | Found a shimmering blue altar of Sif Muna.
  6408 | D:8      | Noticed a two-headed ogre
  6413 | D:8      | Killed a two-headed ogre
  6414 | D:8      | Reached skill level 10 in Stealth
  6545 | D:9      | Received a gift from Nemelex Xobeh
  6549 | D:9      | Reached XP level 11. HP: 47/47 MP: 23/23
  6611 | D:9      | Reached *** piety under Nemelex Xobeh
  6648 | D:9      | Reached skill level 4 in Translocations
  6648 | D:9      | Reached skill level 5 in Invocations
  6813 | D:9      | Found an iron altar of Okawaru.
  7121 | D:10     | Entered Level 10 of the Dungeon
  7128 | D:10     | Noticed a two-headed ogre
  7132 | D:10     | Noticed a two-headed ogre
  7136 | D:10     | Killed a two-headed ogre
  7142 | D:10     | Killed a two-headed ogre
  7143 | D:10     | Reached skill level 8 in Hexes
  7178 | D:10     | Noticed Nergalle
  7179 | D:10     | Received a gift from Nemelex Xobeh
  7185 | D:10     | Killed Nergalle
  7201 | D:10     | Noticed a six-headed hydra
  7213 | D:10     | Killed a six-headed hydra
  7221 | D:10     | Identified the +1 cloak "Xaeklen" {Stlth+}
  7280 | D:10     | Found Qistrosm's Jewellery Shoppe.
  7362 | D:10     | Identified the +10 battleaxe of Hucvauxt {speed, rF- rCorr
                  | Int+3}
  7366 | D:10     | Found a burning altar of Makhleb.
  7676 | D:10     | Reached skill level 7 in Short Blades
  7696 | D:10     | Found a sacrificial altar of Ru.
  7705 | D:10     | Found a snail-covered altar of Cheibriados.
  7765 | D:11     | Found Migommyi's General Store.
  7768 | D:11     | Bought a scroll of acquirement for 520 gold pieces
  7768 | D:11     | Bought a potion of degeneration for 10 gold pieces
  7771 | D:11     | Acquired the ring "Fayl" {Dex+3 Slay+4}
  7782 | D:11     | Found Ruops's Jewellery Shoppe.
  7815 | D:11     | Received a gift from Nemelex Xobeh
  7835 | D:11     | Reached skill level 5 in Shields
  7866 | D:11     | Reached skill level 8 in Spellcasting
  7894 | D:11     | Reached skill level 5 in Translocations
  7963 | D:11     | Noticed a boulder beetle
  7968 | D:11     | Reached **** piety under Nemelex Xobeh
  7976 | D:11     | Killed a boulder beetle
  7977 | D:11     | Reached skill level 11 in Stealth
  7977 | D:11     | Reached skill level 6 in Invocations
  7988 | D:11     | Found Bike's Assorted Antiques.
  8113 | D:10     | Learned a level 4 spell: Anguish
  8324 | D:10     | Reached skill level 1 in Necromancy
  8346 | D:11     | Noticed Erica
  8363 | D:11     | Killed Erica
  8364 | D:11     | Reached XP level 12. HP: 51/51 MP: 25/25
  8398 | D:11     | Bought a scroll labelled COACOR NAVYUL for 30 gold pieces
  8483 | D:11     | Found Homoawan's Armour Shop.
  8582 | D:11     | Reached skill level 2 in Necromancy
  8680 | D:11     | Found Kositr Niag's Weapon Boutique.
  8720 | D:11     | Noticed a tengu warrior
  8731 | D:11     | Noticed a centaur warrior
  8846 | D:11     | Found a staircase to the Orcish Mines.
  8916 | D:11     | Bought a scroll labelled NELEAMNISE for 30 gold pieces
  8916 | D:11     | Bought a scroll labelled QUSKYG ATROMA for 30 gold pieces
  9033 | D:7      | Identified the +0 leather armour "Koggepuff" {Regen+ Str+2}
  9278 | Orc:1    | Entered Level 1 of the Orcish Mines
  9463 | Orc:2    | Entered Level 2 of the Orcish Mines
  9463 | Orc:2    | Found a staircase to the Elven Halls.
  9466 | Orc:2    | Reached skill level 9 in Hexes
  9565 | Orc:2    | Reached skill level 1 in Fighting
  9644 | Orc:2    | Noticed a sun demon
  9823 | Orc:2    | Noticed an ettin
  9836 | Orc:2    | HP: 1/51 [ettin/+0 dire flail (16)]
  9845 | Orc:1    | Found Ithrecses's Distillery.
  9859 | Orc:1    | Noticed an orc high priest
  9863 | Orc:1    | Slain by an orc warrior

Illustrated notes

Levels and vault maps discovered:
D:1:      roderic_crop_circles_arrival_small, layout_basic
D:2:      layout_loops_cross
D:3:      layout_loops_ring, grunt_ministairs_9, chequers_serial_rivers_large_b
D:4:      layout_cave_pools, mainiacjoe_overflow_alcove_1, kennysheep_mini,
          nicolae_wu_jian_wuxing_cycle, serial_column_ruins,
          column_ruins_hut_ruined, column_ruins_hut_water,
          column_ruins_columns_corner, column_ruins_open_tiny_water,
          column_ruins_grid_3, column_ruins_grid_1,
          column_ruins_columns_straight, chequers_ossuary_entry_cave,
          minmay_checkerbox, uniq_duvessa, uniq_grinder
D:5:      layout_basic, minmay_temple_entry_fiery, serial_shops, shop,
          minmay_misc_feat_doors
D:6:      layout_layer_cave, minmay_misc_feat_roman, kennysheep_path_1,
          serial_bayou_crossing
D:7:      layout_rooms, mainiacjoe_overflow_small_starburst, uniq_maggie,
          uniq_joseph, uniq_pikel
D:8:      layout_basic, grunt_gozag_breadcrumbs, lemuel_blue_sif_altar,
          gammafunk_ghost_hydra_chop, kennysheep_cross_bottleneck
D:9:      layout_loops_corners, marbit_many_paths, lair_entry_dummy,
          uniq_psyche, uniq_harold
D:10:     layout_cross, mainiacjoe_overflow_swirl, mainiacjoe_overflow_24_doors,
          serial_shops, nicolae_take_the_stairs, kennysheep_generic_room_4,
          uniq_nergalle
D:11:     layout_long_grid, david_orc_4, serial_shops, nicolae_stop_n_shop_2,
          nicolae_shop_waterfront, shop_statue, nicolae_stop_n_shop_2,
          nicolae_shop_waterfront, minivault_12, uniq_erica
Temple:   nicolae_temple_x_marks_the_god
Orc:1:    layout_caves, serial_shops, shop
Orc:2:    st_orc_town, layout_caves, basic_altar, uniq_sonja, uniq_josephine

Skill      XL: |  1  2  3  4  5  6  7  8  9 10 11 12 |
---------------+-------------------------------------+-----
Short Blades   | 1 2 3 4 5 6 7 |  7.7
Stealth        | 4 5 6 8 9 10 11 | 11.7
Spellcasting   | 3 4 5 6 7 8 |  8.7
Hexes          | 4 5 6 7 8 9 |  9.1
Invocations    | 2 3 4 6 |  6.9
Shields        | 1 3 4 5 |  5.0
Translocations | 2 3 5 |  5.0
Necromancy     | 1 2 |  2.9
Fighting       | 1 |  1.2
Dodging        | |  1.5

Action                     |  1- 3 |  4- 6 |  7- 9 | 10-12 || total
---------------------------+-------+-------+-------+-------++-------
  Melee: Dagger            |    54 |    78 |   318 |   592 ||  1042
         Bite              |     8 |    14 |    93 |   205 ||   320
         Punch             |     1 |       |     4 |       ||     5
   Cast: Ensorcelled Hiber |       |     6 |    16 |    11 ||    33
         Confusing Touch   |       |     1 |     2 |     2 ||     5
         Tukima's Dance    |       |       |     6 |    16 ||    22
         Anguish           |       |       |       |     3 ||     3
         Blink             |       |       |       |     1 ||     1
    Use: Scroll            |       |     1 |     7 |     6 ||    14
         Potion            |       |     1 |     2 |     1 ||     4
   Stab: Sleeping          |     7 |     9 |    32 |    36 ||    84
         Confused          |       |     1 |     1 |     1 ||     3
         Invisible         |       |     1 |     5 |     4 ||    10
         Distracted        |       |       |     1 |     1 ||     2
 Armour: Robe              |     9 |    17 |    58 |       ||    84
         Steam dragon scal |       |       |       |   254 ||   254
  Dodge: Dodged            |    31 |    44 |   107 |   319 ||   501
  Block: Buckler           |       |       |    12 |   159 ||   171

Table legend: (Time is in decaauts)
 A = Elapsed time spent in this place.
 B = Non-inter-level travel time spent in this place.
 C = Inter-level travel time spent in this place.
 D = Time resting spent in this place.
 E = Time spent auto-exploring this place.
 F = Levels seen in this place.
 G = Mean time per level.
                   A        B        C        D        E       F      G
               +--------+--------+--------+--------+--------+-----+--------+
         Total |   9642 |   9049 |    593 |    487 |   6072 |  15 |  642.8 |
       Dungeon |   8798 |   8246 |    552 |    367 |   5751 |  11 |  799.8 |
        Temple |     65 |     61 |      4 |      0 |     46 |   1 |   65.0 |
  Orcish Mines |    551 |    516 |     35 |    110 |    187 |   2 |  275.5 |
       Ossuary |    226 |    226 |      0 |     10 |     88 |   1 |  226.0 |
               +--------+--------+--------+--------+--------+-----+--------+

Top non-repeatable levels by time:
     D:6: 1057 daAuts
    D:10: 1002 daAuts
     D:9: 981 daAuts
     D:5: 963 daAuts
    D:11: 840 daAuts
     D:8: 809 daAuts
     D:1: 693 daAuts
     D:3: 690 daAuts
     D:4: 652 daAuts
     D:2: 617 daAuts
     D:7: 489 daAuts
   Orc:1: 393 daAuts
 Ossuary: 226 daAuts
   Orc:2: 158 daAuts
  Temple: 65 daAuts
